Losesalot, neutral male human Priest --- ---.------- ----- |..---- ----.....|.--.--- --...| -....| --.>.............--- ----....-- -(..| |..................-- |........| |.).-- |..........%........----...-...| |...<-- --.....................--d.^....| --(...--- ......).%.....--.......(.@.......| |........ .......%....-----.......&---....-- |.|......- |.... .........--- |........| |....| |[|-.-...| |..... -.......| --.....--- --..-- ---.||.....| |...... --..(.-- ..... --.| --...|---.--| |...... --... -.-- |.| |..--| |...| -^.... --... . |.--- |....| ---.-- ---.| | |...- |....| ---.(------- |...| |....| ------ -..........----.|... ------ .......---%.....|..... .......| |..----|.... .---.-- ---- ---- --- Losesalot the Adept Experience level: 8 Strength: 14 Dexterity: 10 Constitution: 18 Intelligence: 10 Wisdom: 16 Charisma: 10 Health: 0(68) Energy: 122(122) Def: 20 Gold: 31 Moves: 6796 Dungeon seed: rEwktO-7VSD--Ebl Game ID: Losesalot_1522081409 Your Inventory: Coins $ - 31 gold pieces Weapons a - a blessed +1 mace R - the blessed +3 Staff of Aesculapius (weapon in hands) Armor e - an uncursed +1 robe (being worn) q - an uncursed +0 pair of jumping boots r - a blessed greased +3 gray dragon scale mail (being worn) y - an uncursed +0 pair of kicking boots (being worn) N - a blessed +2 dwarvish iron helm (being worn) Comestibles c - 2 uncursed cloves of garlic d - 3 uncursed sprigs of wolfsbane i - 2 uncursed eggs l - 3 uncursed slime molds z - 4 uncursed food rations T - an uncursed tripe ration V - an uncursed food ration Scrolls m - an uncursed scroll of identify x - an uncursed scroll of remove curse E - 2 blessed scrolls of earth Spellbooks U - a cursed spellbook of cone of cold Potions b - 2 potions of holy water H - a blessed potion of object detection P - an uncursed potion of water S - an uncursed potion of booze X - an uncursed potion of hallucination Wands j - an uncursed wand of magic missile (0:4) k - an uncursed wand of magic missile (0:7) Y - an uncursed wand of sleep (0:5) Tools f - an uncursed blindfold g - a blessed oil lamp (0:491) h - an uncursed oil lamp (0:1353) u - an uncursed skeleton key w - an uncursed magic marker (0:95) O - an uncursed tin whistle Q - an uncursed oil lamp (0:1427) W - an uncursed magic marker (0:34) Spells and supernatural/magical abilities: Spells marked with '!' are maintained. Name Level Category Cost Memory l - light 1 ! divination 5pw 93% m - magic missile 2 attack 12pw 91% B - cure blindness 2 healing 11pw 96% I - identify 2 divination 10pw 93% O - create monster 2 clerical 10pw 96% W - pray for help -- divine ? -- X - turn undead -- divine ? -- Your skills at the end: Fighting Skills wands [Basic] Weapon Skills mace [Skilled] flail [Basic] Spellcasting Skills divination spells [Basic] clerical spells [Basic] Final Attributes: You were fire resistant. You were cold resistant. You were poison resistant. You were magic resistant. You were level-drain resistant. You regenerated. You were lucky. You last prayed 2698 turns ago. You are dead. Vanquished creatures: a giant mimic a small mimic a pit viper a winter wolf cub 2 leprechauns 3 giant spiders a black light a forest centaur 3 gnome kings an ogre 2 yetis 2 lizards 2 dwarf lords a blue jelly 3 fire ants 2 bugbears an imp 2 water nymphs a mountain nymph 6 Uruk-hai 3 rock piercers a pony 4 fog clouds a yellow light a shrieker 10 gnome lords 8 gnomish wizards a kobold mummy 3 gray oozes a ghoul 2 giant ants a little dog a floating eye 3 kittens 14 dwarves 3 homunculi 2 kobold shamans 3 rothes a rabid rat a centipede 2 giant bats a monkey 2 orc zombies 3 wererats an iguana 2 killer bees 3 gas spores 5 hobbits 4 manes 3 hobgoblins 5 giant rats 4 cave spiders a brown mold a yellow mold 2 green molds 49 gnomes 2 gnome zombies 5 geckos 9 jackals 3 foxes 2 kobolds 4 goblins 6 sewer rats 5 grid bugs 4 bats 5 lichens 10 newts 244 creatures vanquished. Voluntary challenges: You had been an atheist until turn 2177. You used a wielded weapon 291 times, starting on turn 38. You read items or engraved 20 times, starting on turn 1029. You never genocided any monsters. You never polymorphed an object. You never changed form. You used 2 wishes, starting on turn 4101. You wished for your your first artifact on turn 5456. You never split a pudding. You wrote Elbereth's name 1 time, starting on turn 4098. You never violated your personal moral code. Dungeon overview: The Dungeons of Doom: levels 1 to 6 Level 1 a fountain a long staircase Level 2 an armor shop, a vault stairs to The Gnomish Mines Level 3 a fountain Level 4 a weapon shop, an altar to Thoth Level 5 Level 6 stairs to Sokoban The Gnomish Mines: levels 3 to 10 Level 3 stairs to The Dungeons of Doom Level 4 Level 5 Level 6 many shops, a temple to Anhur, some fountains Level 7 Level 8 Level 9 <- You were here Level 10 Sokoban: levels 4 to 5 Level 4 Level 5 Solved stairs to The Dungeons of Doom History has recorded: On T:1 you entered the Dungeons of Doom to retrieve the Amulet of Yendor! On T:382 you reached level 2 of The Dungeons of Doom. On T:388 you advanced to experience level 2. On T:619 you advanced to experience level 3. On T:716 you reached level 3 of The Dungeons of Doom. On T:1013 you reached level 4 of The Dungeons of Doom. On T:1345 you reached level 5 of The Dungeons of Doom. On T:1431 you advanced to experience level 4. On T:1533 you reached level 6 of The Dungeons of Doom. On T:1562 you reached level 4 of Sokoban. On T:1964 you reached level 3 of Sokoban. On T:2799 you reached level 1 of The Gnomish Mines. On T:2808 you advanced to experience level 5. On T:3144 you reached level 2 of The Gnomish Mines. On T:3542 you advanced to experience level 6. On T:3568 you reached level 3 of The Gnomish Mines. On T:3854 you reached level 4 of The Gnomish Mines. On T:4101 you wished for "blessed greased +3 gray dragon scale mail". On T:4105 you advanced to experience level 7. On T:5456 you wished for "blessed +3 staff of aesculapius". On T:5731 you reached level 5 of The Gnomish Mines. On T:6214 you reached level 6 of The Gnomish Mines. On T:6511 you advanced to experience level 8. On T:6551 you reached level 7 of The Gnomish Mines. On T:6621 you reached level 8 of The Gnomish Mines. Score breakdown: Gold: 31 ( 5120 points) Experience: 8 levels (14739 points) Exploration: 10 levels ( 21.74%) (13416 points) Discoveries: 42 items ( 13.95%) (11206 points) Valuables value: (no points given unless you survive) Artifact value: 5000 (12582 points) Variety of kills: 67 monsters ( 17.63%) (12596 points) Turncount: 6796 turns (-1808 points) Survival: died (score multiplied by 80%) Total score: 54280 Latest messages: The vrock hits! The vrock misses. (2x) You miss the vrock. The vrock hits! (2x) The vrock misses. (2x) The vrock bites! You miss the vrock. The vrock misses. The vrock hits! The vrock misses. The vrock hits! The vrock bites! Please move the cursor to an unknown object. A vrock on the floor of a room. Done. You are blasted by the Staff of Aesculapius' power! You die... For some reason, you think that you can almost hear the Wizard laugh manically... Final status: Goodbye Losesalot the Priest, killed by touching The Staff of Aesculapius... You died in The Gnomish Mines on dungeon level 9 with 54280 points, and 31 pieces of gold, after 6796 moves. You were level 8 with a maximum of 68 hit points when you died.